 Dungeon Crawl Stone Soup version 0.31.0-12-g77e489cdc1 (webtiles) character file.

Game seed: 8413491569663408128

89467 Dalarin the Unseen (level 15, -2/68 HPs)
             Began as a Spriggan Enchanter on Feb 21, 2024.
             Was a Priest of Ashenzari.
             Killed by divine providence
             ... invoked by a meliai
              (15 damage)
             ... on level 2 of the Spider Nest on Feb 22, 2024.
             The game lasted 06:04:12 (32712 turns).

Dalarin the Unseen (Spriggan Enchanter)            Turns: 32712, Time: 06:04:13

Health: -2/68      AC:  4    Str:  6    XL:     15   Next: 49%
Magic:  25/33      EV: 29    Int: 23    God:    Ashenzari [***...]
Gold:   160        SH:  0    Dex: 19    Spells: 3/41 levels left

rFire   . . .        E - +7 dagger of the Wild Blue Yonder {elec, Bglg, Comp} (curse)
rCold   . . .        (no shield)
rNeg    . . .        b - +0 robe of the Fated Bitterness {Comp, Elem} (curse)
rPois   +            (helmet restricted)
rElec   .            o - +1 cloak {rCorr}
rCorr   +            (gloves unavailable)
SInv    +            (boots unavailable)
Will    ++...        h - amulet of Ashenzari's Visionary {Regen+, Dev, Elem} (curse)
Stlth   +++++++      u - ring of poison resistance
HPRegen 1.11/turn    y - ring "Lashed Bitterness" {Int+6, Range, Melee} (curse)
MPRegen 0.23/turn

%: clarity
@: very quick
A: very small, no large weapons, unfitting armour, see invisible, speed 3, horns
1, clumsy 1
a: Renounce Religion, Curse Item, Shatter the Chains


You were on level 2 of the Spider Nest.
You worshipped Ashenzari.
Ashenzari was most pleased with you.
You visited 5 branches of the dungeon, and saw 24 of its levels.

You collected 2220 gold pieces.
You spent 2060 gold pieces at shops.

Inventory:

Hand Weapons
 E - the cursed +7 dagger of the Wild Blue Yonder (weapon) {elec, Bglg, Comp}
   (You found it on level 5 of the Lair of Beasts)

   It has a curse which improves the following skills: Beguiling: Hexes and
   Translocations.
   Companions: Summonings and Necromancy.
Missiles
 j - 26 boomerangs
 n - 29 poisoned darts (quivered)
Armour
 b - the cursed +0 robe of the Fated Bitterness (worn) {Comp, Elem}

   It has a curse which improves the following skills: Companions: Summonings
   and Necromancy.
   Elements:  Fire Magic, Ice Magic, Air Magic and Earth Magic.
 k - a +2 cloak
 o - a +1 cloak of preservation (worn)
Jewellery
 d - a ring of ice
 e - a ring of willpower
 h - the cursed amulet of Ashenzari's Visionary (around neck) {Regen+, Dev, Elem}
   (You bought it in a shop on level 7 of the Dungeon)

   [amulet of regeneration]

   Regen+:    It increases your rate of health regeneration.
   It has a curse which improves the following skills: Devices: Evocations and
   Shapeshifting.
   Elements:  Fire Magic, Ice Magic, Air Magic and Earth Magic.
 l - a ring of wizardry
 p - a ring of protection from fire
 u - a ring of poison resistance (left hand)
 y - the cursed ring "Lashed Bitterness" (right hand) {Int+6, Range, Melee}
   (You bought it in a shop on level 7 of the Dungeon)

   [ring of intelligence]

   Int+6:     It affects your intelligence (+6).
   It has a curse which improves the following skills: Ranged Combat: Ranged
   Weapons and Throwing.
   Melee Combat: Short Blades, Long Blades, Axes, Maces & Flails, Polearms,
   Staves and Unarmed Combat.
 D - a ring of magical power
 H - a ring of protection from cold
Wands
 g - a wand of quicksilver (32)
 q - a wand of charming (18)
 x - a wand of flame (13)
 A - a wand of iceblast (24)
 G - a wand of mindburst (9)
Scrolls
 i - 4 scrolls of teleportation
 r - 6 scrolls of identify
 s - 2 scrolls of amnesia
 t - 4 scrolls of torment
 w - a scroll of fog
 z - a scroll of fear
 B - a scroll of poison
 C - 2 scrolls of brand weapon
 F - a scroll of blinking
 I - a scroll of enchant weapon
Potions
 a - 3 potions of cancellation
 c - a potion of invisibility
 m - 4 potions of brilliance
 v - a potion of resistance
 J - a potion of heal wounds
 K - a potion of might


   Skills:
 - Level 3.0 Fighting
 - Level 10.8(12.3) Short Blades
 + Level 15.2 Dodging
 + Level 17.7 Stealth
 + Level 13.9 Spellcasting
 + Level 7.9 Conjurations
 - Level 12.0(13.4) Hexes
 + Level 2.6(4.4) Summonings
 - Level 9.2(10.7) Translocations
 + Level 5.5(7.7) Ice Magic
 - Level 1.5(3.0) Air Magic
 - Level 2.2(4.0) Earth Magic


You had 3 spell levels left.
You knew the following spells:

 Your Spells              Type           Power      Damage    Failure   Level
a - Ensorcelled Hibernat  Hex/Ice        100%       N/A       1%          2
b - Confusing Touch       Hex            67%        N/A       1%          3
c - Tukima's Dance        Hex            67%        N/A       1%          3
d - Apportation           Tloc           100%       N/A       1%          1
e - Blink                 Tloc           100%       N/A       1%          2
f - Metabolic Englaciati  Hex/Ice        29%        N/A       1%          5
g - Dazzling Flash        Conj/Hex       100%       N/A       1%          3
h - Sigil of Binding      Hex            67%        N/A       1%          3
i - Slow                  Hex            100%       N/A       0%          1
j - Hailstorm             Conj/Ice       51%        3d10      1%          3
k - Iskenderun's Mystic   Conj/Tloc      56%        2d12      1%          4
l - Summon Mana Viper     Hex/Summ       55%        N/A       2%          5
m - Stone Arrow           Conj/Erth      86%        3d12      1%          3

Your spell library contained the following spells:

 Spells                   Type           Power      Damage    Failure   Level
 Freeze                   Ice            100%       1d10      1%          1
 Magic Dart               Conj           100%       1d8       1%          1
 Sting                    Conj/Alch      100%       1d9       1%          1
 Summon Small Mammal      Summ           100%       N/A       1%          1
 Call Imp                 Summ           72%        N/A       1%          2
 Jinxbite                 Hex            100%       N/A       1%          2
 Lesser Beckoning         Tloc           100%       N/A       1%          2
 Momentum Strike          Conj/Tloc      100%       3d10      1%          2
 Call Canine Familiar     Summ           36%        N/A       1%          3
 Frozen Ramparts          Ice            100%       1d16      1%          3
 Gell's Gravitas          Tloc           60%        N/A       1%          3
 Teleport Other           Tloc           60%        N/A       1%          3
 Necrotise                Necr           68%        1d7       3%          1
 Cigotuvi's Dreadful Rot  Necr/Alch/Air  42%        N/A       3%          2
 Vampiric Draining        Necr           17%        2d7       10%         3
 Dimensional Bullseye     Hex/Tloc       32%        N/A       1%          4
 Manifold Assault         Tloc           60%        N/A       1%          4
 Animate Armour           Summ/Erth      70%        N/A       7%          4
 Dispersal                Tloc           30%        N/A       7%          6
 Martyr's Knell           Necr/Summ      27%        N/A       14%         4
 Summon Blazeheart Golem  Fire/Summ      27%        N/A       14%         4
 Curse of Agony           Necr           17%        N/A       67%         5
 Disjunction              Tloc           30%        N/A       97%         8
 Lehudib's Crystal Spear  Conj/Erth      21%        10d6      100%        8


Dungeon Overview and Level Annotations

Branches:
Dungeon (14/15)            Temple (1/1) D:5            Lair (5/5) D:11
 Shoals (0/4) Lair:2       Spider (2/4) Lair:2        Slime (0/5) Lair:4
    Orc (2/2) D:9             Elf (0/3) Orc:2        Vaults (0/5) D:13

Altars:
Ashenzari
Cheibriados
Dithmenos
Elyvilon
Fedhas
Gozag
Hepliaklqana
Kikubaaqudgha
Makhleb
Nemelex Xobeh
Okawaru
Qazlal
Ru
Sif Muna
Trog
Uskayaw
Vehumet
Wu Jian
Xom
Yredelemnul
Zin
The Shining One

Shops:
D:3 *   D:7 =   D:9 *   Orc:1 [   Orc:2 =[?*[=

Annotations:
D:3 3 runed translucent doors, lasso's ghost, amateur DsMo
D:11 1 runed translucent door, lis82's ghost, journeyman DgEE
Lair:3 exclusion: oklob plant, Gastronok
Lair:5 exclusion: obsidian statue


Innate Abilities, Weirdness & Mutations

You are very small and have problems with some larger weapons.
You are too small for most types of armour.
You have supernaturally acute eyesight. (SInv)
You cover ground extremely quickly. (Speed+++)
You have a pair of small horns on your head.
You are clumsy. (Dex -2)


Message History

Confirm with . or Enter, or press ? or * to list all spells.
Your hands begin to glow red.
The orb spider is no longer moving slowly.
The meliai invokes the aid of its god against you.
Something smites you!
You hit the meliai but do no damage. You hit the meliai but do no damage.
The meliai appears confused.
The meliai closely misses you.
The meliai stings you but does no damage.
The meliai invokes the aid of its god against you.
Something smites you!
Casting: Confusing Touch (safe; 1% risk of failure)
Confirm with . or Enter, or press ? or * to list all spells.
Your hands begin to glow red.
The meliai is no longer moving slowly. x2
The orb spider begins to weave its threads into a brightly glowing ball.
The meliai attacks as it pursues you! The meliai closely misses you.
The meliai misses you.
You hit the meliai but do no damage.
The meliai appears confused.
You hit the meliai. Lightning courses through the meliai!
Your headbutt misses the meliai. You punch the meliai.
The meliai is severely wounded.
The meliai completely misses you. The meliai misses you.
You hit the meliai.
The meliai is severely wounded.
The meliai completely misses you. x2
You completely miss the meliai.
The meliai is severely wounded.
The meliai completely misses you. The meliai misses you.
The meliai mumbles some strange prayers to its god against you.
Something smites you!
* * * LOW HITPOINT WARNING * * *
You feel better.
The meliai invokes the aid of its god against you.
Something smites you!
* * * LOW HITPOINT WARNING * * *
Something completely misses the orb spider.
Something stings the orb spider but does no damage.
The meliai invokes the aid of its god against you.
Something smites you!
You die...

# ###.......^.## #.
#......#.## ...
##.†#.##.# . ....
#....#..####). .....
#.†..#..#.....
.....^#....#........
........†.........^.
###.....#........#####
#........@.#####....
###.....†#y..#......
#...#.....##^.....
...........#.{.#.###
..........y^sy###^...
.....................
####..^##...s........
.... ##..........# ...
####...^.#..


You could see an orb spider (charged), a redback (slow) and 2 meliai.

Vanquished Creatures
  A spark wasp (Spider:1)
  3 dire elephants (Lair:5)
  Snorg (D:12)
  A hydra (Lair:2)
  4 vault guards (D:13)
  3 boulder beetles
  4 two-headed ogres
  3 centaur warriors (D:13)
  A radroach (Spider:1)
  A catoblepas (Lair:5)
  2 death yaks (Lair:5)
  6 demonic crawlers
  Urug (D:12)
  3 orc high priests (Orc:2)
  A spectral death yak (Lair:5)
  A pharaoh ant (Spider:1)
  A skyshark (Lair:5)
  A spectral anaconda (Lair:5)
  4 steelbarb worms
  An orc sorcerer (Orc:2)
  Pikel (D:8)
  7 orc knights
  5 wolf spiders
  2 deep elf pyromancers (D:12)
  An ugly thing (D:12)
  2 harpies (Lair:2)
  3 necromancers (Lair:5)
  2 cyclopes
  A moth of wrath (Spider:1)
  Maurice (D:8)
  18 elephants
  3 kobold blastminers (Orc:2)
  A black mamba (Lair:2)
  A gargoyle (D:13)
  8 cane toads
  4 rime drakes
  Maggie (D:7)
  An unseen horror (D:12)
  2 tengu conjurers (D:13)
  4 komodo dragons
  9 trolls
  3 polar bears
  5 tarantellas (Spider:1)
  A hornet (D:8)
  15 blink frogs
  4 dream sheep (Lair:3)
  8 slime creatures
  2 spectral elephants (Lair:5)
  7 jumping spiders
  5 culicivoras
  4 shadows
  A vampire (D:10)
  3 wraiths
  3 humans (D:13)
  5 wyverns
  3 wargs (Orc:1)
  43 yaks
  4 basilisks
  16 redbacks
  A vampire mosquito (D:13)
  An acid dragon (D:13)
  9 water moccasins
  A laughing skull (D:14)
  An ice beast (D:6)
  29 orc warriors
  A black bear (D:4)
  2 elephant zombies (D:9)
  5 ogres
  2 sky beasts (D:7)
  31 wolves
  4 boggarts (D:14)
  9 centaurs
  2 phantoms
  A kobold brigand (D:10)
  11 bullfrogs
  A gnoll sergeant (D:9)
  2 scorpions
  A cane toad simulacrum (Lair:5)
  12 wights
  A burial acolyte (D:9)
  3 killer bees (D:9)
  An elephant simulacrum (Lair:5)
  3 electric eels
  2 howler monkeys
  A crimson imp (D:5)
  A centaur zombie (D:9)
  26 orc priests
  4 hounds
  A jelly (Lair:4)
  3 human zombies (D:9)
  Jessica (D:2)
  A sleepcap (D:5)
  6 orc wizards
  2 scorpion zombies (D:9)
  An iguana (D:7)
  7 hell rats (Lair:1)
  A killer bee zombie (D:9)
  6 hound zombies (D:9)
  A howler monkey zombie (D:9)
  4 gnolls (D:9)
  10 adders
  2 shadow imps
  A white imp (D:8)
  4 ufetubi (D:6)
  A dart slug (D:4)
  A ribbon worm (D:2)
  63 orcs
  3 bats
  2 endoplasms
  2 giant cockroaches
  4 goblins
  10 hobgoblins
  2 jackals (D:2)
  3 quokkas
  8 ball pythons
  2 frilled lizards (D:2)
  13 kobolds
  7 rats
592 creatures vanquished.

Vanquished Creatures (collateral kills)
  A vault guard (D:13)
  A two-headed ogre (D:10)
  2 orc high priests (Orc:2)
  A spectral death yak (Lair:5)
  A deep elf pyromancer (D:13)
  A necromancer (Lair:5)
  A cane toad (Lair:4)
  A kobold demonologist (D:10)
  Psyche (D:8)
  A jumping spider (Spider:1)
  3 yaks (Lair:5)
  3 humans (D:13)
  A redback (Spider:1)
  2 vampire mosquitoes (D:13)
  A spectral cane toad (Lair:5)
  4 orc warriors
  A kobold brigand (D:11)
  2 jellies (Lair:4)
  3 orc priests
  9 orcs
  A kobold (D:10)
41 creatures vanquished.

Vanquished Creatures (others)
  18 dancing weapons
  2 humans
  An orc wizard (D:7)
21 creatures vanquished.

Grand Total: 654 creatures vanquished

Notes
Turn   | Place    | Note
-------+----------+-------------------------------------------
     0 | D:1      | Dalarin the Spriggan Enchanter began the quest for the Orb.
     0 | D:1      | Reached XP level 1. HP: 9/9 MP: 5/5
   343 | D:1      | Found a faded altar of an unknown god.
   451 | D:1      | Reached XP level 2. HP: 11/13 MP: 6/6
   998 | D:1      | Learned a level 2 spell: Ensorcelled Hibernation
  1116 | D:2      | Reached XP level 3. HP: 5/17 MP: 3/8
  1536 | D:2      | Reached skill level 1 in Fighting
  1585 | D:2      | Learned a level 3 spell: Confusing Touch
  1608 | D:2      | Reached skill level 5 in Stealth
  1689 | D:2      | Reached XP level 4. HP: 16/22 MP: 1/9
  1719 | D:2      | Learned a level 3 spell: Tukima's Dance
  1781 | D:2      | Noticed Jessica
  1821 | D:2      | Killed Jessica
  2330 | D:3      | Learned a level 1 spell: Apportation
  2370 | D:3      | Found a runed translucent gate.
  2370 | D:3      | Found a runed translucent gate.
  2370 | D:3      | Found a runed translucent gate.
  2397 | D:3      | Noticed lasso's ghost (amateur DsMo)
  2505 | D:3      | Reached XP level 5. HP: 10/25 MP: 2/11
  2665 | D:3      | Learned a level 2 spell: Blink
  2746 | D:3      | Found a shadowy altar of Dithmenos.
  2921 | D:3      | Found Heyniogh's General Store.
  2924 | D:3      | Bought a potion of curing for 39 gold pieces
  2924 | D:3      | Bought a scroll of teleportation for 39 gold pieces
  3122 | D:3      | Reached skill level 1 in Translocations
  3233 | D:4      | Noticed a centaur
  3237 | D:4      | Killed a centaur
  3238 | D:4      | Reached XP level 6. HP: 30/30 MP: 12/12
  3378 | D:4      | Reached skill level 6 in Stealth
  3795 | D:4      | Noticed a water moccasin
  4177 | D:5      | Entered Level 5 of the Dungeon
  4274 | D:5      | Reached skill level 5 in Hexes
  4274 | D:5      | Reached XP level 7. HP: 30/35 MP: 4/14
  4505 | D:5      | Found a staircase to the Ecumenical Temple.
  4512 | Temple   | Entered the Ecumenical Temple
  4520 | Temple   | Became a worshipper of Ashenzari the Shackled
  4622 | D:5      | Found a burning altar of Makhleb.
  5272 | D:6      | Reached skill level 5 in Dodging
  5279 | D:6      | Noticed a wyvern
  5286 | D:6      | Killed a wyvern
  5328 | D:6      | Found a sparkling altar of Nemelex Xobeh.
  5396 | D:6      | Reached skill level 7 in Stealth
  5424 | D:6      | Gained mutation: You are weak. (Str -2) [potion of
                  | mutation]
  5424 | D:6      | Gained mutation: You are vulnerable to heat. (rF-) [potion
                  | of mutation]
  5424 | D:6      | Gained mutation: You occasionally lose the ability to drink
                  | potions when taking damage. [potion of mutation]
  5424 | D:6      | Gained mutation: You have a beak for a mouth. [potion of
                  | mutation]
  5425 | D:6      | Lost mutation: You are weak. (Str -2) [potion of mutation]
  5425 | D:6      | Lost mutation: You occasionally lose the ability to drink
                  | potions when taking damage. [potion of mutation]
  5425 | D:6      | Lost mutation: You have a beak for a mouth. [potion of
                  | mutation]
  5425 | D:6      | Gained mutation: You passively map a small area around you.
                  | [potion of mutation]
  5712 | D:6      | Reached XP level 8. HP: 35/39 MP: 14/16
  5749 | D:6      | Reached skill level 5 in Spellcasting
  6144 | D:7      | Noticed Maggie
  6179 | D:7      | Killed Maggie
  6180 | D:7      | Reached skill level 5 in Translocations
  6338 | D:7      | Reached skill level 8 in Stealth
  6639 | D:7      | Reached skill level 5 in Short Blades
  6796 | D:7      | Learned a level 2 spell: Momentum Strike
  6800 | D:7      | Learned a level 3 spell: Dazzling Flash
  6854 | D:7      | Reached XP level 9. HP: 35/44 MP: 11/19
  6973 | D:7      | Found Cuosom's Jewellery Boutique.
  7263 | D:7      | Reached skill level 1 in Conjurations
  7712 | D:8      | Learned a level 3 spell: Sigil of Binding
  7714 | D:8      | Learned a level 1 spell: Slow
  7723 | D:8      | Reached skill level 9 in Stealth
  7741 | D:8      | Noticed Psyche
  7745 | D:8      | Noticed Maurice
  7953 | D:8      | Noticed Pikel
  8282 | D:8      | Noticed a two-headed ogre
  8303 | D:8      | Killed a two-headed ogre
  8459 | D:8      | Killed Maurice
  8460 | D:8      | Reached XP level 10. HP: 49/49 MP: 19/22
  8532 | D:8      | Reached skill level 1 in Ice Magic
  8536 | D:8      | Reached skill level 10 in Stealth
  8909 | D:8      | Killed Pikel
  9057 | D:8      | Killed Psyche
  9813 | D:9      | Reached skill level 11 in Stealth
 10009 | D:9      | Found an ancient bone altar of Kikubaaqudgha.
 10087 | D:9      | Found Gelum's Assorted Antiques.
 10274 | D:9      | Found a staircase to the Orcish Mines.
 10666 | D:9      | Reached XP level 11. HP: 44/52 MP: 20/24
 10726 | D:9      | Found a basalt altar of Yredelemnul.
 11095 | D:9      | Noticed a two-headed ogre
 11102 | D:9      | Killed a two-headed ogre
 11184 | Orc:1    | Entered Level 1 of the Orcish Mines
 11370 | D:10     | Entered Level 10 of the Dungeon
 11411 | D:10     | Found a stormy altar of Qazlal.
 11514 | D:10     | Found a bloodstained altar of Trog.
 11519 | D:10     | Found a glowing golden altar of the Shining One.
 11519 | D:10     | Found a hide-covered altar of Uskayaw.
 11566 | D:10     | Noticed a two-headed ogre
 11573 | D:10     | Killed a two-headed ogre
 11743 | D:10     | Reached * piety under Ashenzari
 11781 | D:10     | You fall into a shaft and drop 3 floors!
 11890 | D:13     | Identified the +0 scale mail "Viudai" {Int+4}
 12015 | D:13     | Reached skill level 10 in Dodging
 12050 | D:13     | Lost mutation: You passively map a small area around you.
                  | [potion of mutation]
 12050 | D:13     | Lost mutation: You are vulnerable to heat. (rF-) [potion of
                  | mutation]
 12050 | D:13     | Gained mutation: You are clumsy. (Dex -2) [potion of
                  | mutation]
 12050 | D:13     | Gained mutation: You are occasionally teleported next to
                  | monsters. [potion of mutation]
 12050 | D:13     | Gained mutation: Your flesh is cold resistant. (rC+)
                  | [potion of mutation]
 12127 | D:13     | Noticed a centaur warrior
 12134 | D:13     | Reached skill level 12 in Stealth
 12464 | D:13     | Killed a centaur warrior
 12838 | D:12     | Noticed Snorg
 12839 | D:12     | Killed Snorg
 12866 | D:12     | Noticed a white ugly thing
 13174 | D:12     | Noticed a two-headed ogre
 13203 | D:12     | Killed a two-headed ogre
 13338 | D:12     | Reached XP level 12. HP: 54/56 MP: 11/26
 13540 | D:12     | Reached skill level 10 in Spellcasting
 13540 | D:12     | Reached skill level 10 in Hexes
 13749 | D:12     | Reached skill level 13 in Stealth
 13761 | D:12     | Learned a level 3 spell: Hailstorm
 13784 | D:12     | Noticed Urug
 13933 | D:12     | Killed Urug
 14236 | D:12     | Reached skill level 5 in Conjurations
 14324 | D:12     | Learned a level 4 spell: Iskenderun's Mystic Blast
 14865 | D:11     | Lost mutation: Your flesh is cold resistant. (rC+) [potion
                  | of mutation]
 14865 | D:11     | Lost mutation: You are occasionally teleported next to
                  | monsters. [potion of mutation]
 14865 | D:11     | Gained mutation: You have a pair of small horns on your
                  | head. [potion of mutation]
 15068 | D:11     | Found a staircase to the Lair.
 15245 | D:10     | Noticed a two-headed ogre
 15311 | D:10     | Killed a two-headed ogre
 15722 | D:7      | Bought a +6 ring of intelligence for 504 gold pieces
 15724 | D:7      | Reached ** piety under Ashenzari
 15830 | Lair:1   | Entered Level 1 of the Lair of Beasts
 17003 | Lair:1   | Reached skill level 14 in Stealth
 17340 | Lair:2   | Reached XP level 13. HP: 60/60 MP: 16/29
 17385 | Lair:2   | Reached skill level 10 in Short Blades
 17557 | Lair:2   | Found a hole to the Spider Nest.
 17577 | Lair:2   | Found a shimmering altar of Xom.
 18216 | Lair:2   | Found a staircase to the Shoals.
 18243 | Lair:2   | HP: 3/60 [harpy (3)]
 19600 | Lair:3   | HP: 2/60 [dream sheep (20)]
 20174 | Lair:3   | Noticed Gastronok
 20336 | Lair:4   | Identified a scroll of acquirement
 20340 | Lair:4   | Acquired Waemivug's Parchment of Ill-starred Fog
 20348 | Lair:4   | Learned a level 5 spell: Metabolic Englaciation
 20354 | Lair:4   | Learned a level 5 spell: Summon Mana Viper
 20530 | Lair:4   | Found a shimmering blue altar of Sif Muna.
 20713 | Lair:4   | Found a frozen archway.
 20790 | Lair:4   | Found a staircase to the Slime Pits.
 20806 | Lair:4   | Reached skill level 15 in Stealth
 20995 | Lair:4   | Reached skill level 1 in Summonings
 21388 | Lair:5   | Entered Level 5 of the Lair of Beasts
 21428 | Lair:5   | Noticed a dire elephant
 21429 | Lair:5   | Noticed a dire elephant
 21430 | Lair:5   | Noticed a dire elephant
 22101 | D:7      | Bought an amulet of regeneration for 420 gold pieces
 22299 | Lair:5   | Reached *** piety under Ashenzari
 22610 | Lair:5   | Reached XP level 14. HP: 45/65 MP: 21/31
 22906 | Lair:5   | Identified Kikubaaqudgha's Handbook of Diablerie
 23396 | Lair:5   | Reached skill level 5 in Ice Magic
 24640 | Lair:4   | Learned a level 3 spell: Stone Arrow
 24927 | Orc:1    | Reached skill level 16 in Stealth
 25557 | Orc:1    | Found Fexa's Armour Shop.
 25609 | Orc:1    | Bought a +0 cloak of preservation for 126 gold pieces
 25758 | Orc:2    | Entered Level 2 of the Orcish Mines
 25973 | Orc:2    | Reached skill level 1 in Earth Magic
 26137 | Orc:2    | Found Asifurch's Armour Shop.
 26144 | Orc:2    | Found Ocuept's Jewellery Shoppe.
 26170 | Orc:2    | Found a staircase to the Elven Halls.
 26227 | Orc:2    | Found a dark tunnel.
 27972 | Orc:2    | Found Uhoirul's General Store.
 27972 | Orc:2    | Found Lalischach's Magic Scroll Emporium.
 27973 | Orc:2    | Found Iladetzeco's Jewellery Emporium.
 27973 | Orc:2    | Found Ischuwe's Armour Shoppe.
 27984 | Orc:2    | Bought a potion of curing for 36 gold pieces
 27988 | Orc:2    | Bought a scroll of amnesia for 56 gold pieces
 27988 | Orc:2    | Bought a scroll of acquirement for 728 gold pieces
 27988 | Orc:2    | Bought a scroll of amnesia for 56 gold pieces
 27988 | Orc:2    | Bought a scroll of fear for 56 gold pieces
 27989 | Orc:2    | Acquired a ring of poison resistance
 28302 | D:11     | Identified the +1 leather armour of Youthful Indiscretion
                  | {rCorr Int+3}
 28669 | D:11     | Found a runed translucent door.
 28973 | D:11     | Noticed lis82's ghost (journeyman DgEE)
 28974 | D:11     | Noticed a sphinx
 29722 | D:13     | Reached XP level 15. HP: 66/68 MP: 3/33
 29882 | D:13     | Found a gate to the Vaults.
 29921 | D:13     | Reached skill level 17 in Stealth
 30663 | Spider:1 | Entered Level 1 of the Spider Nest
 30716 | Spider:1 | HP: 3/68 [demonic crawler (5)]
 30948 | Spider:1 | Reached skill level 1 in Air Magic
 32117 | Spider:1 | Reached skill level 15 in Dodging
 32712 | Spider:2 | Killed from afar by a meliai

Illustrated notes

Levels and vault maps discovered:
D:1:      dpeg_cavernosity, layout_loops_ring,
          ebering_ecumenical_altar_abandoned
D:2:      layout_loops_cross, uniq_jessica
D:3:      layout_rooms, marbit_many_paths, serial_shops,
          nicolae_shop_pleasant_corner_grove, gammafunk_ghost_split,
          minivault_27, minmay_misc_feat_nine_boxes
D:4:      layout_basic, minmay_joined_circles
D:5:      layout_basic, makhleb_grotto_becter, minmay_temple_entry_arrows
D:6:      layout_layer_cave, lemuel_round_altar
D:7:      layout_cave_pools, serial_shops, nicolae_shop_getting_attention,
          minmay_misc_feat_tower, st_stairs_5, hangedman_decor_opposing,
          uniq_maggie
D:8:      layout_basic, kennysheep_generic_room_15, uniq_psyche, uniq_pikel,
          uniq_maurice
D:9:      layout_roguey, tgw_kikubaaqudgha, david_orc_5, serial_shops,
          nicolae_shop_window_shopping, moated_statue,
          roadster_capsule_ark_zombie
D:10:     layout_stronghold, kennysheep_mini_moat,
          chequers_temple_overflow_statue_of_worship, hangedman_decor_riveting
D:11:     layout_stronghold, erik_lair_island, ebering_ghost_inner_flame,
          minmay_stone_trees_small
D:12:     layout_grid_maze, minmay_misc_feat_chi, uniq_urug, uniq_snorg
D:13:     layout_stronghold, ximxim_vaults_locker_room
D:14:     layout_big_octagon, hangedman_decor_peaks_small
Temple:   nicolae_temple_two_arcs
Lair:1:   layout_chaotic_city, grunt_megastairs_3
Lair:2:   layout_cave_shapes, nicolae_shoals_entry_roost,
          spider_nest_entry_web_field, basic_altar, grunt_megastairs_5,
          infiniplex_staircase_pool
Lair:3:   layout_roguey, serial_bayou_ford_a, uniq_gastronok
Lair:4:   layout_small_grid, minmay_slime_entry_pillars,
          portal_ice_cave_entry_pillars_1, basic_altar
Lair:5:   due_jungle_book, layout_long_grid
Spider:1: layout_spider_delve, hangedman_spider_tarantella_strand
Spider:2: layout_spider_delve
Orc:1:    layout_caves, serial_shops, shop
Orc:2:    st_orc_pillars, layout_caves, nicolae_volcano_entry_hallway,
          serial_shops, shop, nicolae_shop_peninsula,
          nicolae_orc_quarried_blocks

Skill      XL: |  1  2  3  4  5  6  7  8  9 10 11 12 13 14 15 |
---------------+----------------------------------------------+-----
Dodging        | 3 4 5 6 7 9 10 12 13 14 15 | 15.2
Spellcasting   | 3 4 6 7 8 9 11 12 13 | 13.9
Hexes          | 4 5 6 7 8 9 10 12 | 12.0
Fighting       | 1 2 3 |  3.0
Stealth        | 5 6 7 8 9 11 12 14 15 16 17 | 17.7
Short Blades   | 2 3 4 5 6 7 8 9 10 | 10.8
Translocations | 2 4 5 6 7 9 |  9.2
Conjurations   | 2 3 4 5 6 7 |  7.9
Ice Magic      | 1 3 4 5 |  5.5
Summonings     | 1 2 |  2.6
Earth Magic    | 1 2 |  2.2
Air Magic      | 1 |  1.5

Action                     |  1- 3 |  4- 6 |  7- 9 | 10-12 | 13-15 || total
---------------------------+-------+-------+-------+-------+-------++-------
  Melee: Dagger            |   110 |   156 |   196 |   711 |   737 ||  1910
         Punch             |       |     3 |     4 |    12 |    13 ||    32
         Headbutt          |       |       |       |    48 |   179 ||   227
  Throw: Boomerang         |       |       |     5 |       |       ||     5
         Dart              |       |       |       |    23 |    22 ||    45
   Cast: Ensorcelled Hiber |     9 |    28 |    44 |   164 |   280 ||   525
         Confusing Touch   |     1 |     5 |    24 |    48 |    81 ||   159
         Tukima's Dance    |       |     4 |    15 |    26 |    26 ||    71
         Slow              |       |       |     3 |    45 |    18 ||    66
         Blink             |       |       |     2 |     4 |     4 ||    10
         Dazzling Flash    |       |       |     1 |     8 |     2 ||    11
         Momentum Strike   |       |       |     1 |       |       ||     1
         Sigil of Binding  |       |       |       |    14 |     5 ||    19
         Apportation       |       |       |       |     1 |     1 ||     2
         Hailstorm         |       |       |       |     5 |    23 ||    28
         Iskenderun's Myst |       |       |       |     3 |    15 ||    18
         Summon Mana Viper |       |       |       |       |    23 ||    23
         Metabolic Englaci |       |       |       |       |    22 ||    22
         Stone Arrow       |       |       |       |       |    23 ||    23
 Invoke: Curse Item        |       |       |       |     3 |     2 ||     5
         Shatter the Chain |       |       |       |       |     1 ||     1
  Evoke: Wand              |       |       |       |     1 |       ||     1
    Use: Potion            |     4 |     2 |     4 |     8 |    10 ||    28
         Scroll            |     2 |     5 |     6 |     4 |    16 ||    33
   Stab: Sleeping          |    11 |    20 |    32 |   109 |   169 ||   341
         Confused          |     1 |     1 |    11 |    31 |    59 ||   103
         Distracted        |       |     2 |     1 |     2 |     6 ||    11
         Invisible         |       |       |     4 |     9 |     1 ||    14
 Armour: Robe              |    37 |    45 |    66 |   130 |   196 ||   474
  Dodge: Dodged            |    78 |    85 |   172 |   451 |   614 ||  1400
